TOP OF THE 1ST |
District 9 Prawns batting - Pitching for Houston Hammertime : RHP Manny Estrada
|
Pitching: RHP Manny Estrada
|
|
Batting: LHB Enrique Nalasco
|
0-0: Ball 1-0: Ground out 5-3 (Groundball, 56S)
|
Batting: SHB Tommy Bourassa
|
0-0: Ground out 1-3 (Groundball, 25)
|
Batting: LHB Leland Hardy
|
0-0: DOUBLE (Line Drive, 9LM)
|
Batting: RHB Mal Snyder
|
0-0: Called Strike 0-1: Swinging Strike 0-2: SINGLE (Groundball, 4D) Leland Hardy to third Runner from 3rd tries for Home, SAFE, no throw or cutoff
|
Batting: RHB Lúcio García
|
0-0: Fly out, F9 (Flyball, 89S)
|
Top of the 1st over - 1 run(s), 2 hit(s), 0 error(s), 1 left on base; District 9 1 - Houston 0 |
BOTTOM OF THE 1ST |
Houston Hammertime batting - Pitching for District 9 Prawns : RHP Jeff Townsend
|
Pitching: RHP Jeff Townsend
|
|
Batting: RHB John Pick
|
0-0: Ball 1-0: Ground out 4-3 (Groundball, 4)
|
Batting: LHB José Villegas
|
0-0: Ball 1-0: Called Strike 1-1: Ball 2-1: Ball 3-1: Foul Ball, location: 2F 3-2: Strikes out swinging
|
Batting: RHB Buck Jones
|
0-0: Called Strike 0-1: Ground out 2-3 (Groundball, 2L)
|
Bottom of the 1st over - 0 run(s), 0 hit(s), 0 error(s), 0 left on base; District 9 1 - Houston 0 |
TOP OF THE 2ND |
District 9 Prawns batting - Pitching for Houston Hammertime : RHP Manny Estrada
|
Batting: RHB Bill Beck
|
0-0: Ball 1-0: Called Strike 1-1: Fly out, F8 (Flyball, 8LM)
|
Batting: RHB Robert Bly
|
0-0: Called Strike 0-1: Ball 1-1: Swinging Strike 1-2: Foul Ball, location: 2F 1-2: Ball 2-2: Strikes out swinging
|
Batting: RHB Manuel Cortéz
|
0-0: Called Strike 0-1: Ball 1-1: Ball 2-1: SOLO HOME RUN (Flyball, 7LD), Distance : 354 ft
|
Batting: SHB Mark Pope
|
0-0: Foul Ball, location: 2F 0-1: Foul Ball, location: 2F 0-2: Foul Ball, location: 2F 0-2: SINGLE (Line Drive, 8LS)
|
Batting: LHB Enrique Nalasco
|
0-0: Called Strike 0-1: Ground out 4-3 (Groundball, 34)
|
Top of the 2nd over - 1 run(s), 2 hit(s), 0 error(s), 1 left on base; District 9 2 - Houston 0 |
BOTTOM OF THE 2ND |
Houston Hammertime batting - Pitching for District 9 Prawns : RHP Jeff Townsend
|
Batting: SHB Cristo Ontiveros
|
0-0: Ball 1-0: Foul Ball, location: 2F 1-1: Ball 2-1: DOUBLE (Flyball, 89D)
|
Batting: RHB Gerald Burnett
|
0-0: Ball Wild Pitch! Cristo Ontiveros to third 1-0: Ball 2-0: Ground out 1-3 (Groundball, 15S)
|
Batting: RHB Emílio Carrillo
|
0-0: Ball 1-0: Ground out 6-3 (Groundball, 6) Cristo Ontiveros scores
|
Batting: RHB Santo Cruz
|
0-0: Ground out 1-3 (Groundball, 15)
|
Bottom of the 2nd over - 1 run(s), 1 hit(s), 0 error(s), 0 left on base; District 9 2 - Houston 1 |
TOP OF THE 3RD |
District 9 Prawns batting - Pitching for Houston Hammertime : RHP Manny Estrada
|
Batting: SHB Tommy Bourassa
|
0-0: Foul Ball, location: 2F 0-1: Foul Ball, location: 2F 0-2: Ball 1-2: Fly out, F9 (Flyball, 89S)
|
Batting: LHB Leland Hardy
|
0-0: Ball 1-0: Ball 2-0: Called Strike 2-1: Foul Ball, location: 2F 2-2: Fly out, F7 (Flyball, 7M)
|
Batting: RHB Mal Snyder
|
0-0: Called Strike 0-1: Ball 1-1: Foul Ball, location: 2F 1-2: Ball 2-2: Foul Ball, location: 2F 2-2: SINGLE (Line Drive, 56D)
|
Batting: RHB Lúcio García
|
0-0: Called Strike 0-1: Ball 1-1: Ball 2-1: Foul Ball, location: 2F 2-2: Fly out, F7 (Flyball, 7M)
|
Top of the 3rd over - 0 run(s), 1 hit(s), 0 error(s), 1 left on base; District 9 2 - Houston 1 |
BOTTOM OF THE 3RD |
Houston Hammertime batting - Pitching for District 9 Prawns : RHP Jeff Townsend
|
Batting: RHB Mario Beltrán
|
0-0: Called Strike 0-1: Swinging Strike 0-2: Strikes out swinging
|
Batting: LHB Fernando Camacho
|
0-0: Foul Ball, location: 2F 0-1: Ball 1-1: SINGLE (Groundball, 34D)
|
Batting: RHB John Pick
|
0-0: Ball 1-0: Ball 2-0: Ball 3-0: Called Strike Balk! Fernando Camacho to second 3-1: Base on Balls
|
Batting: LHB José Villegas
|
0-0: Fielders Choice at 2nd, 3-6 (Groundball, 3) Fernando Camacho to third
|
Batting: RHB Buck Jones
|
0-0: Foul Ball, location: 2F 0-1: Foul Ball, location: 2F 0-2: Ball 1-2: DOUBLE (Line Drive, 8RD) Fernando Camacho scores José Villegas to third Runner from 3rd tries for Home, SAFE, no throw or cutoff
|
Batting: SHB Cristo Ontiveros
|
0-0: Swinging Strike 0-1: Ball 1-1: Ball 2-1: Swinging Strike 2-2: Foul Ball, location: 2F 2-2: Ball 3-2: Base on Balls
|
Batting: RHB Gerald Burnett
|
0-0: Ball 1-0: Ball 2-0: Ball 3-0: Base on Balls Buck Jones to third Cristo Ontiveros to second
|
Batting: RHB Emílio Carrillo
|
0-0: Ball 1-0: SINGLE (Flyball, 89M) Buck Jones scores Cristo Ontiveros to third Gerald Burnett to second Runner from 3rd tries for Home, SAFE, no throw or cutoff
|
Batting: RHB Santo Cruz
|
0-0: Fly out, F3 (Popup, 3F)
|
Bottom of the 3rd over - 4 run(s), 3 hit(s), 0 error(s), 2 left on base; District 9 2 - Houston 5 |
TOP OF THE 4TH |
District 9 Prawns batting - Pitching for Houston Hammertime : RHP Manny Estrada
|
Batting: RHB Bill Beck
|
0-0: Called Strike 0-1: Ball 1-1: Ball 2-1: Foul Ball, location: 2F 2-2: Foul Ball, location: 2F 2-2: Foul Ball, location: 2F 2-2: Ground out 4-3 (Groundball, 4M)
|
Batting: RHB Robert Bly
|
0-0: Ground out 6-3 (Groundball, 6)
|
Batting: RHB Manuel Cortéz
|
0-0: Ball 1-0: SINGLE (Flyball, 8LS)
|
Batting: SHB Mark Pope
|
0-0: Swinging Strike 0-1: Ball 1-1: Ground out 4-3 (Groundball, 4)
|
Top of the 4th over - 0 run(s), 1 hit(s), 0 error(s), 1 left on base; District 9 2 - Houston 5 |
BOTTOM OF THE 4TH |
Houston Hammertime batting - Pitching for District 9 Prawns : RHP Jeff Townsend
|
Batting: RHB Mario Beltrán
|
0-0: Foul Ball, location: 2F 0-1: Ball 1-1: Ball 2-1: Ball 3-1: Foul Ball, location: 2F 3-2: Fly out, F3 (Popup, 3F)
|
Batting: LHB Fernando Camacho
|
0-0: Called Strike 0-1: Ball 1-1: Ball 2-1: SINGLE (Flyball, 89S)
|
Batting: RHB John Pick
|
0-0: Ball 1-0: Ball 2-0: Foul Ball, location: 2F 2-1: Swinging Strike 2-2: Foul Ball, location: 2F 2-2: Foul Ball, location: 2F 2-2: Strikes out swinging
|
Batting: LHB José Villegas
|
0-0: Ball 1-0: SINGLE (Groundball, 34D) Fernando Camacho to second Runner from 2nd tries for 3rd, SAFE, throw made to third
|
Batting: RHB Buck Jones
|
0-0: Fly out, F9 (Flyball, 89D)
|
Bottom of the 4th over - 0 run(s), 2 hit(s), 0 error(s), 2 left on base; District 9 2 - Houston 5 |
TOP OF THE 5TH |
District 9 Prawns batting - Pitching for Houston Hammertime : RHP Manny Estrada
|
Batting: LHB Enrique Nalasco
|
0-0: Called Strike 0-1: Ball 1-1: Foul Ball, location: 2F 1-2: Ball 2-2: Strikes out swinging
|
Batting: SHB Tommy Bourassa
|
0-0: Called Strike 0-1: Ball 1-1: Ball 2-1: Fly out, F6 (Line Drive, 6M)
|
Batting: LHB Leland Hardy
|
0-0: SINGLE (Groundball, 4M)
|
Batting: RHB Mal Snyder
|
0-0: Ball 1-0: Called Strike 1-1: Ball 2-1: Ball 3-1: Swinging Strike 3-2: Ground out 5-3 (Groundball, 5)
|
Top of the 5th over - 0 run(s), 1 hit(s), 0 error(s), 1 left on base; District 9 2 - Houston 5 |
BOTTOM OF THE 5TH |
Houston Hammertime batting - Pitching for District 9 Prawns : RHP Jeff Townsend
|
Batting: SHB Cristo Ontiveros
|
0-0: Ball 1-0: Ball 2-0: Ball 3-0: Base on Balls
|
Batting: RHB Gerald Burnett
|
0-0: Foul Ball, location: 2F 0-1: Foul Ball, location: 2F 0-2: Fly out, F7 (Flyball, 7D)
|
Batting: RHB Emílio Carrillo
|
0-0: Ball 1-0: Ball 2-0: Foul Ball, location: 2F 2-1: Ball 3-1: Foul Ball, location: 2F 3-2: SINGLE (Line Drive, 56D) Cristo Ontiveros to second Cristo Ontiveros to third
|
Batting: RHB Santo Cruz
|
0-0: Fly out, F9 (Flyball, 9LM) Runner from 3rd tags up, OUT at HOME
|
Bottom of the 5th over - 0 run(s), 1 hit(s), 0 error(s), 1 left on base; District 9 2 - Houston 5 |
TOP OF THE 6TH |
District 9 Prawns batting - Pitching for Houston Hammertime : RHP Manny Estrada
|
Batting: RHB Lúcio García
|
0-0: Ball 1-0: Ball 2-0: Fly out, F8 (Flyball, 8RXD)
|
Batting: RHB Bill Beck
|
0-0: Ball 1-0: Swinging Strike 1-1: Foul Ball, location: 2F 1-2: Strikes out swinging
|
Batting: RHB Robert Bly
|
0-0: Ball 1-0: Called Strike 1-1: Fly out, F3 (Popup, 3SF)
|
Top of the 6th over - 0 run(s), 0 hit(s), 0 error(s), 0 left on base; District 9 2 - Houston 5 |
BOTTOM OF THE 6TH |
Houston Hammertime batting - Pitching for District 9 Prawns : RHP Jeff Townsend
|
Batting: RHB Mario Beltrán
|
0-0: Ball 1-0: Ball 2-0: Called Strike 2-1: Fly out, F8 (Flyball, 8RM)
|
Batting: LHB Fernando Camacho
|
0-0: Ball 1-0: Ball 2-0: Ball 3-0: Called Strike 3-1: Foul Ball, location: 2F 3-2: Base on Balls
|
Batting: RHB John Pick
|
0-0: Called Strike 0-1: Foul Ball, location: 2F 0-2: Foul Ball, location: 2F 0-2: Fly out, F9 (Flyball, 9D)
|
Batting: LHB José Villegas
|
0-0: SINGLE (Flyball, 8RS) Fernando Camacho to second Runner from 2nd tries for 3rd, SAFE, throw made to third
|
Batting: RHB Buck Jones
|
0-0: Ball 1-0: Ball 2-0: Ball 3-0: Swinging Strike 3-1: Swinging Strike 3-2: Base on Balls José Villegas to second
|
Pitching: RHP Bill McKinney
|
|
Batting: SHB Cristo Ontiveros
|
0-0: Ball 1-0: Foul Ball, location: 2F 1-1: Fielders Choice at 2nd, U6 (Groundball, 6M)
|
Bottom of the 6th over - 0 run(s), 1 hit(s), 0 error(s), 3 left on base; District 9 2 - Houston 5 |
TOP OF THE 7TH |
District 9 Prawns batting - Pitching for Houston Hammertime : RHP Manny Estrada
|
Batting: RHB Manuel Cortéz
|
0-0: Ball 1-0: Ball 2-0: Called Strike 2-1: Foul Ball, location: 2F 2-2: Foul Ball, location: 2F 2-2: Ball 3-2: Foul Ball, location: 2F 3-2: Foul Ball, location: 2F 3-2: Fly out, F8 (Flyball, 8LS)
|
Batting: SHB Mark Pope
|
0-0: Ball 1-0: Called Strike 1-1: Called Strike 1-2: Ball 2-2: Ball 3-2: Base on Balls
|
Pitching: RHP Júlio Martínez
|
|
Batting: LHB Enrique Nalasco
|
0-0: Ball 1-0: Fly out, F9 (Flyball, 4MD)
|
Batting: SHB Tommy Bourassa
|
0-0: Fly out, F7 (Flyball, 7M)
|
Top of the 7th over - 0 run(s), 0 hit(s), 0 error(s), 1 left on base; District 9 2 - Houston 5 |
BOTTOM OF THE 7TH |
Houston Hammertime batting - Pitching for District 9 Prawns : RHP Bill McKinney
|
Batting: RHB Gerald Burnett
|
0-0: Swinging Strike 0-1: SINGLE (Line Drive, 56D)
|
Batting: RHB Emílio Carrillo
|
0-0: Sac Bunt - play at first, batter OUT! 1-4 Gerald Burnett to second
|
Batting: RHB Santo Cruz
|
0-0: Called Strike 0-1: Ground out 1-3 (Groundball, 13S) Gerald Burnett to third
|
Batting: RHB Mario Beltrán
|
0-0: Ball 1-0: Ground out 6-3 (Groundball, 6)
|
Bottom of the 7th over - 0 run(s), 1 hit(s), 0 error(s), 1 left on base; District 9 2 - Houston 5 |
TOP OF THE 8TH |
District 9 Prawns batting - Pitching for Houston Hammertime : RHP Júlio Martínez
|
Batting: LHB Leland Hardy
|
0-0: Ball 1-0: Called Strike 1-1: Ball 2-1: Called Strike 2-2: Ball 3-2: Foul Ball, location: 2F 3-2: Base on Balls
|
Pitching: RHP Ricardo Ontiveros
|
|
Batting: RHB Mal Snyder
|
0-0: Called Strike 0-1: Ball 1-1: Ball 2-1: Foul Ball, location: 2F 2-2: Ball 3-2: Strikes out looking
|
Batting: RHB Lúcio García
|
0-0: Ball 1-0: Called Strike 1-1: Swinging Strike 1-2: Strikes out swinging
|
Batting: RHB Bill Beck
|
0-0: Foul Ball, location: 2F 0-1: Called Strike 0-2: Strikes out swinging
|
Top of the 8th over - 0 run(s), 0 hit(s), 0 error(s), 1 left on base; District 9 2 - Houston 5 |
BOTTOM OF THE 8TH |
Houston Hammertime batting - Pitching for District 9 Prawns : RHP Bill McKinney
|
Batting: LHB Fernando Camacho
|
0-0: Called Strike 0-1: Foul Ball, location: 2F 0-2: Ground out 4-3 (Groundball, 4M)
|
Batting: RHB John Pick
|
0-0: Ball 1-0: Ball 2-0: Ball 3-0: Base on Balls
|
Batting: LHB José Villegas
|
0-0: Ball 1-0: SINGLE (Line Drive, 34) John Pick to second Runner from 2nd tries for 3rd, SAFE, no throw or cutoff
|
Batting: RHB Buck Jones
|
0-0: Ball José Villegas steals 2nd base 1-0: Foul Ball, location: 2F 1-1: Ball 2-1: Swinging Strike 2-2: Ball 3-2: Base on Balls
|
Batting: SHB Cristo Ontiveros
|
0-0: Ball 1-0: Grounds into fielders choice 1-2 (Groundball, 25) José Villegas to third Buck Jones to second
|
Batting: RHB Gerald Burnett
|
0-0: Foul Ball, location: 2F 0-1: SINGLE (Line Drive, 6M) José Villegas scores Buck Jones to third Cristo Ontiveros to second Runner from 3rd tries for Home, SAFE, throw made at trailing runner, OUT at third!
|
Bottom of the 8th over - 2 run(s), 2 hit(s), 0 error(s), 1 left on base; District 9 2 - Houston 7 |
TOP OF THE 9TH |
District 9 Prawns batting - Pitching for Houston Hammertime : RHP Ricardo Ontiveros
|
Batting: RHB Robert Bly
|
0-0: Ball 1-0: Called Strike 1-1: Called Strike 1-2: Ball 2-2: Fly out, F7 (Flyball, 78M)
|
Batting: RHB Manuel Cortéz
|
0-0: Fly out, F8 (Flyball, 78M)
|
Batting: SHB Mark Pope
|
0-0: Ball 1-0: Ball 2-0: Ball 3-0: Base on Balls
|
Batting: LHB Enrique Nalasco
|
0-0: Ball 1-0: Ball 2-0: Swinging Strike 2-1: Called Strike 2-2: SINGLE (Groundball, 4MD) (infield hit) Mark Pope to second
|
Batting: SHB Tommy Bourassa
|
0-0: Ball 1-0: Called Strike 1-1: Swinging Strike 1-2: Ball 2-2: Ball 3-2: Strikes out swinging
|
Top of the 9th over - 0 run(s), 1 hit(s), 0 error(s), 2 left on base; District 9 2 - Houston 7 |
|